 Dungeon Crawl Stone Soup version 0.30.0-18-gc0e69614cb (webtiles) character file.

Game seed: 16255353545412876000

210 monsoonserge the Cudgeller (level 5, -1/27 (32) HPs)
             Began as a Gargoyle Reaver on May 25, 2023.
             Was an Initiate of Vehumet.
             Slain by an ogre
             ... wielding a +0 giant club
              (26 damage)
             ... on level 4 of the Dungeon.
             The game lasted 00:13:08 (3630 turns).

monsoonserge the Cudgeller (Gargoyle Reaver)        Turns: 3630, Time: 00:13:09

HP:   -1/27 (32)    AC: 10    Str: 15    XL:     5   Next: 88%
MP:   4/8           EV: 11    Int: 16    God:    Vehumet [......]
Gold: 208           SH:  0    Dex:  8    Spells: 2/8 levels left

rFire   . . .        a - +0 mace
rCold   . . .        (no shield)
rNeg    + + .        b - +0 leather armour
rPois   ∞            r - +0 helmet
rElec   +            p - +0 cloak
rCorr   .            (no gloves)
SInv    .            v - +0 pair of boots
Will    .....        (no amulet)
Stlth   +            t - ring of positive energy
HPRegen 0.24/turn    (no ring)
MPRegen 0.11/turn

%: no passive effects
@: very slightly contaminated, heavily drained
A: sickness immunity, AC +4, negative energy resistance 1, electricity
resistance, torment resistance 1, petrification resistance
a: Renounce Religion


You were on level 4 of the Dungeon.
You worshipped Vehumet.
Vehumet was noncommittal.
You visited 2 branches of the dungeon, and saw 5 of its levels.

You collected 208 gold pieces.

Inventory:

Hand Weapons
 a - a +0 mace (weapon)
Missiles
 g - 6 poisoned darts
 x - 2 boomerangs
 D - 2 boomerangs of dispersal
Armour
 b - a +0 leather armour (worn)
 h - a +0 ring mail
 l - a +0 scale mail
 p - a +0 cloak (worn)
 r - a +0 helmet (worn)
 v - a +0 pair of boots (worn)
 y - a +0 chain mail
Magical Staves
 n - a staff of poison
Jewellery
 t - a ring of positive energy (left hand)
Wands
 C - a wand of quicksilver (7)
Scrolls
 c - a scroll of immolation {unknown}
 f - a scroll of amnesia {unknown}
 j - 3 scrolls of teleportation {unknown}
 k - 4 scrolls of identify {unknown}
 m - 2 scrolls of poison {unknown}
 q - a scroll of fear {unknown}
 B - a scroll of butterflies {unknown}
Potions
 d - 2 potions of invisibility {unknown}
 e - a potion of resistance {unknown}
 i - 2 potions of berserk rage {unknown}
 o - 2 potions of lignification {unknown}
 s - 2 potions of curing {unknown}
 u - 2 potions of mutation {unknown}
 w - 2 potions of flight {unknown}
 z - a potion of heal wounds
 A - a potion of ambrosia {unknown}


   Skills:
 + Level 2.8 Fighting
 + Level 4.3 Maces & Flails
 * Level 1.9 Armour
 + Level 2.0 Dodging
 + Level 0.1 Stealth
 * Level 2.1 Spellcasting
 * Level 4.0 Conjurations
 - Level 1.0 Necromancy
 * Level 0.6 Translocations
 * Level 0.9 Ice Magic


You had 2 spell levels left.
You knew the following spells:

 Your Spells              Type           Power      Damage    Failure   Level
a - Kiss of Death         Conj/Necr      36%        2d8       9%          1
b - Momentum Strike       Conj/Tloc      18%        3d8       14%         2
c - Hailstorm             Conj/Ice       9%         3d4       26%         3

Your spell library contained the following spells:

 Spells                   Type           Power      Damage    Failure   Level
 Magic Dart               Conj           56%        1d5       4%          1
 Beastly Appendage        Tmut           2%         N/A       26%         1
 Call Imp                 Summ           2%         N/A       36%         2
 Wereblood                Tmut           1%         N/A       36%         2
 Mephitic Cloud           Conj/Pois/Air  6%         N/A       41%         3
 Spider Form              Tmut/Pois      1%         N/A       58%         3


Dungeon Overview and Level Annotations

Branches:
Dungeon (4/15)             Temple (1/1) D:4

Altars:
Ashenzari
Cheibriados
Elyvilon
Fedhas
Hepliaklqana
Kikubaaqudgha
Makhleb
Nemelex Xobeh
Qazlal
Ru
Sif Muna
Uskayaw
Vehumet
Xom
Zin
The Shining One


Innate Abilities, Weirdness & Mutations

You are immune to sickness and miasma.
Your stone body is resilient. (AC +4)
You are immune to poison.
You resist negative energy. (rN+)
You are resistant to electric shocks. (rElec)
You are resistant to unholy torment.
You are immune to petrification.


Message History

An ogre comes into view. It is wielding a +0 giant club.
The ogre shouts!
You see here 11 gold pieces.
You now have 208 gold pieces (gained 11).
Casting: Kiss of Death (safe; 9% risk of failure)
Confirm with . or Enter, or press ? or * to list all spells.
Aiming: Momentum Strike (safe; 14% risk of failure)
Press: ? - help, Dir - move target, f - ogre
Aim: an ogre, wielding a +0 giant club (85% to hit)
The concentrated momentum hits the ogre!
The ogre is moderately wounded.
You are unable to move.
Casting: Momentum Strike (safe; 14% risk of failure)
Confirm with . or Enter, or press ? or * to list all spells.
Aiming: Kiss of Death (safe; 9% risk of failure)
Press: ? - help, Shift-Dir - straight line, f/p - ogre
Aim: an ogre, wielding a +0 giant club (moderately wounded, 100% to hit)
You miscast Kiss of Death.
You are very lightly contaminated with residual magic.
Nothing appears to happen.
The ogre hits you with a +0 giant club!
Casting: Kiss of Death (safe; 9% risk of failure)
Confirm with . or Enter, or press ? or * to list all spells.
Aiming: Kiss of Death (safe; 9% risk of failure)
Press: ? - help, Shift-Dir - straight line, f/p - ogre
Aim: an ogre, wielding a +0 giant club (moderately wounded, 100% to hit)
The negative energy hits the ogre.
The ogre is drained!
The ogre is heavily wounded.
You feel drained.
You hit the ogre.
The ogre is severely wounded.
The ogre barely misses you.
You barely miss the ogre.
The ogre is severely wounded.
The ogre barely misses you.
You barely miss the ogre.
The ogre is severely wounded.
You are no longer robbed of momentum.
The ogre hits you with a +0 giant club!!
Ouch! That really hurt!
You die...

#<# ## # #.##.##...
###.####......### ##.##.........
#.......... ..#.. .......#.#....
#.....#.#.# #.#.# #.##..#.#....
#.....# #.#.####.....#.#....
#.....# ..................#
##.....# #............<##...
.......# #.O..........###.##
......)########.@..........# #.#
.......##..................# #.#
.......##..................# #.#
.......##................=.###.##
.########...............÷..#.....
.#####.....................#.#.##
....##........#####.....####.#.##
..#.##........# #..... #.#.##
..............# #..... #.#.##


You could see an ogre (drained).

Vanquished Creatures
  A hound (D:4)
  Robin (D:3)
  5 adders
  3 worms (D:2)
  A dart slug (D:1)
  12 orcs
  5 ball pythons
  5 endoplasms
  2 giant cockroaches
  15 goblins
  12 hobgoblins
  10 jackals
  A quokka (D:1)
  7 bats
  2 frilled lizards (D:1)
  6 kobolds
  11 rats
  A spectral goblin (D:1)
100 creatures vanquished.

Notes
Turn   | Place    | Note
-------+----------+-------------------------------------------
     0 | D:1      | monsoonserge the Gargoyle Reaver began the quest for the
                  | Orb.
     0 | D:1      | Reached XP level 1. HP: 12/12 MP: 3/3
   250 | D:1      | Reached XP level 2. HP: 17/17 MP: 5/5
   377 | D:1      | Found a faded altar of an unknown god.
   840 | D:2      | Reached XP level 3. HP: 11/22 MP: 6/6
   843 | D:2      | Learned a level 2 spell: Momentum Strike
  1204 | D:2      | Reached XP level 4. HP: 27/27 MP: 7/7
  1572 | D:2      | Reached skill level 1 in Armour
  1984 | D:3      | Found a broken altar of Ashenzari.
  1998 | D:3      | Learned a level 3 spell: Hailstorm
  2094 | D:3      | Noticed Robin
  2107 | D:3      | Killed Robin
  2123 | D:3      | Reached XP level 5. HP: 12/28 MP: 8/8
  2477 | D:3      | Found a burning altar of Makhleb.
  2927 | D:4      | Reached skill level 1 in Necromancy
  2948 | D:4      | Found a staircase to the Ecumenical Temple.
  2979 | Temple   | Entered the Ecumenical Temple
  3271 | Temple   | Became a worshipper of Vehumet
  3621 | D:4      | Noticed an ogre
  3630 | D:4      | Slain by an ogre

Illustrated notes

Levels and vault maps discovered:
D:1:      denvon_arrival_waterhouse, layout_loops_ring,
          dreamdust_ecumenical_altar_drowned_temple, amethyst_killhole,
          minmay_hexomino_u4
D:2:      layout_loops_cross
D:3:      layout_loops_ring, lightli_temple_of_fire, ashenzari_altar_1,
          nicolae_figureground_sparkle, uniq_robin
D:4:      layout_basic, minmay_temple_entry_statues_pillars
Temple:   eino_narrow_crystal_temple

Skill      XL: |  1  2  3  4  5 |
---------------+----------------+-----
Armour         | 1 |  1.9
Maces & Flails | 4 |  4.3
Necromancy     | 1 |  1.0
Conjurations   | 4 |  4.0
Dodging        | 2 |  2.0
Fighting       | |  2.8
Stealth        | |  0.1
Spellcasting   | |  2.1
Translocations | |  0.6
Ice Magic      | |  0.9

Action                     |  1- 3 |  4- 6 || total
---------------------------+-------+-------++-------
  Melee: Mace              |   118 |   234 ||   352
         Punch             |     1 |     1 ||     2
   Cast: Kiss of Death     |       |     2 ||     2
         Momentum Strike   |       |     1 ||     1
 Armour: Leather armour    |    45 |   109 ||   154
  Dodge: Dodged            |    84 |   194 ||   278
